 Dungeon Crawl Stone Soup version 0.29.1-15-g9cfb28693d (webtiles) character file.

Game seed: 11177820346280476494

2644 Thatpatchoflichen the Slasher (level 9, -13/73 HPs)
             Began as a Human Monk on Mar 2, 2023.
             Was a Believer of Ru.
             Mangled by an orc warrior
             ... wielding a +0 war axe
              (14 damage)
             ... in a bailey.
             The game lasted 00:16:42 (10155 turns).

Thatpatchoflichen the Slasher (Human Monk)         Turns: 10155, Time: 00:16:42

Health: -13/73     AC: 12    Str: 12    XL:     9   Next: 93%
Magic:  9/9        EV: 12    Int: 11    God:    Ru [**....]
Gold:   314        SH:  0    Dex: 19    Spells: 8/8 levels left

rFire   . . .      SeeInvis .   B - +0 long sword
rCold   . . .      Faith    .   (no shield)
rNeg    . . .      Spirit   .   E - +0 scale mail
rPois   .          Reflect  .   q - +0 helmet
rElec   .          Harm     .   (no cloak)
rCorr   .          Rampage  .   (no gloves)
Will    .....                   (no boots)
Stlth   +.........              (no amulet)
HPRegen 0.22/turn               x - +4 ring of protection
MPRegen 0.11/turn               (no ring)

@: flying
A: inability to use devices
a: Renounce Religion


You were in a bailey.
You worshipped Ru.
Ru was pleased with you.
You visited 2 branches of the dungeon, and saw 9 of its levels.
You also visited: Bailey.

You collected 314 gold pieces.

Inventory:

Hand Weapons
 B - a +0 long sword (weapon)
Missiles
 a - 13 boomerangs
 o - 4 javelins (quivered)
 p - a throwing net
 t - 27 poisoned darts
 J - a curare-tipped dart
Armour
 f - a +0 plate armour
 q - a +0 helmet (worn)
 E - a +0 scale mail (worn)
 I - +0 steam dragon scales
Jewellery
 v - an amulet of magic regeneration
 x - a +4 ring of protection (left hand)
Scrolls
 d - 2 scrolls of silence {unknown}
 e - 2 scrolls of enchant armour {unknown}
 g - 5 scrolls of teleportation
 j - a scroll of enchant weapon {unknown}
 n - 2 scrolls of magic mapping {unknown}
 s - 2 scrolls of fear {unknown}
 u - 7 scrolls of identify {unknown}
 y - a scroll of poison {unknown}
 A - 3 scrolls of immolation {unknown}
 F - a scroll of torment {unknown}
 G - a scroll of fog {unknown}
Potions
 b - 2 potions of curing {unknown}
 c - a potion of ambrosia
 h - 4 potions of flight
 i - 4 potions of attraction {unknown}
 k - a potion of resistance {unknown}
 l - 2 potions of might {unknown}
 m - a potion of degeneration {unknown}
 r - 3 potions of berserk rage {unknown}
 w - a potion of haste {unknown}
 z - 3 potions of brilliance {unknown}
 C - 2 potions of lignification {unknown}
 D - a potion of mutation {unknown}
 H - a potion of invisibility {unknown}


   Skills:
 + Level 7.7 Fighting
 + Level 7.7 Long Blades
 - Level 6.0 Armour
 - Level 6.0 Dodging
 - Level 2.0 Stealth


You had 8 spell levels left.
You didn't know any spells.
Your spell library contained the following spells:

 Spells                   Type           Power      Damage    Failure   Level
 Beastly Appendage        Tmut           0%         N/A       83%         1
 Magic Dart               Conj           0%         1d3       83%         1
 Searing Ray              Conj           0%         2d4       93%         2
 Sublimation of Blood     Necr           0%         N/A       93%         2
 Wereblood                Tmut           0%         N/A       93%         2
 Gell's Gravitas          Tloc           0%         N/A       99%         3
 Spider Form              Tmut/Pois      0%         N/A       99%         3
 Teleport Other           Tloc           0%         N/A       99%         3
 Fulminant Prism          Conj/Hex       0%         3d6       100%        4
 Olgreb's Toxic Radiance  Pois           0%         N/A       100%        4
 Petrify                  Tmut/Erth      0%         N/A       100%        4
 Irradiate                Conj/Tmut      0%         3d11      100%        5
 Dispersal                Tloc           0%         N/A       100%        6
 Ozocubu's Refrigeration  Ice            0%         4d7       100%        7
 Ignition                 Fire           0%         3d3       100%        8


Dungeon Overview and Level Annotations

Branches:
Dungeon (8/15)             Temple (1/1) D:6          Bailey (1/1)
   Lair: D:8-11

Altars:
Ashenzari
Cheibriados
Dithmenos
Elyvilon
Fedhas
Gozag
Hepliaklqana
Kikubaaqudgha
Makhleb
Nemelex Xobeh
Okawaru
Qazlal
Ru
Sif Muna
Trog
Uskayaw
Vehumet
Wu Jian
Xom
Yredelemnul
Zin
The Shining One

Shops:
D:1 ::(


Innate Abilities, Weirdness & Mutations

You cannot study or use magical devices.


Message History

You kill the orc!
The orc warrior misses you. The orc warrior closely misses you.
The goblin hits you but does no damage. The orc warrior barely misses you.
The orc warrior closely misses you. The goblin barely misses you.
Things that are here:
a +0 hand axe; a +0 leather armour; an orc corpse The orc warrior attacks as you move away!
The orc warrior barely misses you. x2; The goblin misses you.
The orc warrior hits you with a +0 war axe!
The orc warrior completely misses you.
You closely miss the orc warrior.
The orc warrior is severely wounded.
The orc warrior hits you with a +0 war axe!
* * * LOW HITPOINT WARNING * * *
The orc warrior hits you with a +0 war axe.
* * * LOW HITPOINT WARNING * * *
The goblin closely misses you.
You closely miss the orc warrior.
The orc warrior is severely wounded.
The orc warrior closely misses you. The orc warrior misses you.
The goblin barely misses you.
You hit the orc warrior but do no damage.
The orc warrior is heavily wounded.
The orc warrior completely misses you.
The orc warrior hits you with a +0 war axe.
* * * LOW HITPOINT WARNING * * *
The goblin closely misses you.
You hit the orc warrior but do no damage.
The orc warrior is heavily wounded.
The orc warrior hits you with a +0 war axe.
* * * LOW HITPOINT WARNING * * *
The orc warrior hits you but does no damage.
The goblin hits you with a +0 hand axe.
* * * LOW HITPOINT WARNING * * *
It was a potion of flight.
You feel very buoyant.
You fly up into the air.
The orc warrior hits you with a +0 war axe!
You die...

#≈≈≈≈#########≈≈≈≈≈...
#≈≈≈≈≈≈≈≈≈≈≈≈≈......
#.≈≈≈≈≈≈≈≈........
#.............#
##..∩......####
##.......###
##.....#### ##..†####
###g@.## ##..oo.##
##.......##
#.........#
#....∩....#
#.........#
##.......## ###...###
#####


You could see 2 orc warriors and a goblin.

Vanquished Creatures
  4 steam dragons
  A water moccasin (D:7)
  An orc warrior (D:6)
  An ice beast (D:7)
  2 centaurs
  A black bear (D:6)
  3 kobold brigands (D:7)
  3 phantoms
  2 bullfrogs
  A necrophage (D:5)
  2 scorpions
  A killer bee (D:7)
  2 hounds (D:4)
  2 jellies (D:5)
  3 orc priests
  A gnoll bouda (D:5)
  Natasha (thrice) (D:2)
  2 iguanas
  7 orc wizards
  8 gnolls
  3 adders
  3 white imps
  2 ufetubi
  2 worms (D:2)
  5 dart slugs
  23 orcs
  5 ball pythons
  2 bats (D:2)
  3 endoplasms
  2 giant cockroaches (D:2)
  2 goblins
  2 hobgoblins
  4 jackals (D:1)
  22 kobolds
  2 quokkas
  A frilled lizard (D:1)
  6 rats
139 creatures vanquished.

Vanquished Creatures (others)
  A bullfrog (D:7)
1 creature vanquished.

Grand Total: 140 creatures vanquished

Notes
Turn   | Place    | Note
-------+----------+-------------------------------------------
     0 | D:1      | Thatpatchoflichen the Human Monk began the quest for the
                  | Orb.
     0 | D:1      | Reached XP level 1. HP: 18/18 MP: 1/1
   102 | D:1      | Found Qunuse's Book Shop.
   332 | D:1      | Found Xatwimid's Weapon Emporium.
   446 | D:1      | Reached XP level 2. HP: 21/24 MP: 2/2
   483 | D:1      | Found Bisar's Book Boutique.
   789 | D:2      | Found a snail-covered altar of Cheibriados.
   808 | D:2      | Reached XP level 3. HP: 27/29 MP: 3/3
  1252 | D:2      | Noticed Natasha
  1271 | D:2      | Killed Natasha
  1272 | D:2      | Reached XP level 4. HP: 18/36 MP: 4/4
  1614 | D:2      | Found a faded altar of an unknown god.
  1824 | D:2      | Noticed Natasha
  1834 | D:2      | Killed Natasha
  2088 | D:3      | Reached XP level 5. HP: 42/42 MP: 5/5
  2144 | D:2      | Noticed Natasha
  2156 | D:2      | Killed Natasha
  2800 | D:3      | Reached skill level 1 in Armour
  2800 | D:3      | Reached XP level 6. HP: 30/48 MP: 6/6
  3859 | D:4      | Found a stormy altar of Qazlal.
  4096 | D:5      | Entered Level 5 of the Dungeon
  4112 | D:5      | Reached XP level 7. HP: 41/55 MP: 7/7
  4378 | D:5      | Found an iron altar of Okawaru.
  4740 | D:4      | Reached skill level 5 in Fighting
  4740 | D:4      | Reached skill level 5 in Long Blades
  4740 | D:4      | Reached skill level 5 in Dodging
  5370 | D:5      | Reached XP level 8. HP: 61/62 MP: 8/8
  5786 | D:5      | Reached skill level 5 in Armour
  6005 | D:5      | HP: 1/62 [gnoll bouda/+0 whip (6)]
  7493 | D:6      | Found a staircase to the Ecumenical Temple.
  7503 | Temple   | Entered the Ecumenical Temple
  7509 | Temple   | Became a worshipper of Ru the Awakened
  7511 | Temple   | Gained mutation: You cannot study or use magical devices.
                  | [Ru sacrifice]
  7511 | Temple   | Reached * piety under Ru
  7511 | Temple   | Reached ** piety under Ru
  7808 | D:7      | Reached XP level 9. HP: 31/69 MP: 9/9
  9445 | D:7      | Found a shadowy altar of Dithmenos.
  9695 | D:7      | Found a snail-covered altar of Cheibriados.
  9820 | D:8      | Found a flagged portal.
  9890 | Bailey   | Entered a bailey
 10154 | Bailey   | HP: 1/73 [goblin/+0 hand axe (3)]
 10155 | Bailey   | Mangled by an orc warrior

Illustrated notes

Levels and vault maps discovered:
D:1:      minmay_arrival_cross, layout_rooms, serial_shops,
          nicolae_shop_temple_entry_statues_fountains, nicolae_diamond_shop,
          nicolae_shop_bloodbath_and_beyond
D:2:      layout_basic, basic_altar, dilly_ecumenical_altar_fadedgnrine,
          mrwooster_statue_mirror, patterned_corridor, uniq_natasha
D:3:      layout_loops_corners, minmay_misc_feat_chi
D:4:      layout_rooms, nicolae_qazlal_eye_of_the_storm, minivault_23,
          corexii_item_surrounded_by_moat, minivault_23,
          eino_small_chamber_without_monster
D:5:      layout_basic, okawaru_ov_weapons_minmay,
          minmay_a_box_with_orc_wizards_in_it
D:6:      layout_basic, minmay_temple_entry_nine_rooms
D:7:      layout_layer_cave, mainiacjoe_overflow_big_doors
D:8:      layout_rooms, enter_bailey_8
Temple:   eino_narrow_crystal_temple
Bailey:   bailey_axe_4, bailey

Skill      XL: |  1  2  3  4  5  6  7  8  9 |
---------------+----------------------------+-----
Fighting       | 4 5 6 7 |  7.7
Long Blades    | 4 5 6 7 |  7.7
Dodging        | 4 5 6 |  6.0
Armour         | 1 2 4 5 6 |  6.0
Stealth        | |  2.0

Action                   |  1- 3 |  4- 6 |  7- 9 || total
-------------------------+-------+-------+-------++-------
Melee: Falchion          |    99 |   100 |       ||   199
       Punch             |     3 |     1 |     5 ||     9
       Long sword        |       |    63 |   463 ||   526
Invok: Sacrifice Artific |       |       |     1 ||     1
  Use: Scroll            |       |       |     1 ||     1
       Potion            |       |       |     1 ||     1
 Stab: Sleeping          |     1 |     4 |       ||     5
       Distracted        |       |       |     1 ||     1
       Invisible         |       |       |     1 ||     1
Armor: Ring mail         |    16 |    92 |    89 ||   197
       Robe              |     4 |       |       ||     4
       Scale mail        |       |       |   208 ||   208
Dodge: Dodged            |    63 |   105 |   400 ||   568
